 Dungeon Crawl Stone Soup version 0.24.1-14-gf8d2b509d9 (webtiles) character file.

Game seed: 10638911605268454472, levelgen mode: deterministic

2426 KlausPeter the Skirmisher (level 9, -9/72 HPs)
             Began as a Human Wanderer on Dec 17, 2019.
             Was an Initiate of Ru.
             Mangled by Menkaure (14 damage)
             ... on level 7 of the Dungeon on June 12, 2020.
             The game lasted 00:48:14 (9713 turns).

KlausPeter the Skirmisher (Human Wanderer)          Turns: 9713, Time: 00:48:15

Health: -9/72      AC: 10    Str: 14    XL:     9   Next: 77%
Magic:  0/11       EV: 12    Int: 14    God:    Ru [......]
Gold:   104        SH:  0    Dex: 13    Spells: 8/11 levels left

rFire    + . .     SeeInvis .   d - +2 great sword (vamp)
rCold    x . .     Gourm    .   (shield currently unavailable)
rNeg     . . .     Faith    .   b - +3 scale mail
rPois    .         Spirit   +   (no helmet)
rElec    .         Reflect  .   (no cloak)
rCorr    .         Harm     .   (no gloves)
MR       .....                  (no boots)
Stlth    ..........             B - amulet of guardian spirit
HPRegen  0.22/turn              r - ring of fire
MPRegen  0.12/turn              (no ring)

@: no status effects
A: no striking features
a: Sacrifice Essence, Sacrifice Love, Sacrifice Durability, Reject Sacrifices,
Renounce Religion


You were on level 7 of the Dungeon.
You worshipped Ru.
Ru was noncommittal.
You were hungry.

You visited 2 branches of the dungeon, and saw 8 of its levels.

You collected 208 gold pieces.
You spent 104 gold pieces at shops.

Inventory:

Hand Weapons
 a - a +1 spear
 d - a +2 vampiric great sword (weapon)
 o - a +0 hunting sling
 y - a +2 dagger of protection
 K - a +0 shortbow
Missiles
 c - 18 poisoned darts (quivered)
 e - 90 bolts
 i - 59 sling bullets
 j - 6 javelins
 m - 110 stones
 p - 169 arrows
Armour
 b - a +3 scale mail (worn)
 q - a +1 ring mail of magic resistance
 L - a cursed +0 ring mail
Jewellery
 r - a ring of fire (left hand)
 t - an uncursed ring of protection from cold
 B - an amulet of guardian spirit (around neck)
 J - an uncursed ring of resist corrosion {unknown}
Wands
 z - a wand of disintegration (12)
 A - a wand of digging (1)
 H - a wand of scattershot (3)
 I - a wand of iceblast (3)
Scrolls
 h - 7 scrolls of teleportation
 l - a scroll of noise {unknown}
 n - a scroll of random uselessness
 x - 3 scrolls of enchant armour
 E - a scroll of immolation
 F - 4 scrolls of identify
 G - a scroll of amnesia {unknown}
 M - a scroll of magic mapping {unknown}
Potions
 g - 2 potions of flight {unknown}
 k - 3 potions of resistance {unknown}
 s - a potion of brilliance {unknown}
 u - 2 potions of curing
 v - 3 potions of magic {unknown}
 w - a potion of haste {unknown}
 C - a potion of invisibility {unknown}
 D - a potion of ambrosia {unknown}
Comestibles
 f - 8 rations


   Skills:
 + Level 7.2 Fighting
 * Level 5.4 Long Blades
 - Level 3.9 Polearms
 - Level 1.1 Throwing
 + Level 5.7 Armour
 + Level 5.4 Dodging
 - Level 1.0 Stealth
   Level 1.0 Shields
 + Level 1.5 Spellcasting
 + Level 1.6 Conjurations


You had 8 spell levels left.
You knew the following spells:

 Your Spells              Type           Power        Failure   Level  Hunger
a - Magic Dart            Conj           #...         43%         1    ##.....
b - Searing Ray           Conj           #.....       58%         2    ###....

Your spell library contained the following spells:

 Spells                   Type           Power        Failure   Level  Hunger
 Dazzling Spray           Conj/Hex       #.....       89%         3    ####...
 Iskenderun's Mystic Bla  Conj           #.......     99%         4    #####..
 Force Lance              Conj/Tloc      #.......     100%        4    #####..
 Fulminant Prism          Conj/Hex       #.........   100%        4    #####..


Dungeon Overview and Level Annotations

Branches:
Dungeon (7/15)             Temple (1/1) D:6

Altars:
Dithmenos
Elyvilon
Nemelex Xobeh
Okawaru
Ru
Sif Muna
Xom
Yredelemnul
The Shining One

Shops:
D:4 ?   D:7 [

Annotations:
D:7 Menkaure


Message History

Menkaure is moderately damaged.
You are feeling hungry.
Menkaure mumbles some strange words.
Menkaure seems to speed up.
You closely miss Menkaure.
Menkaure is moderately damaged.
Menkaure calls on the powers of darkness!
Your body is wracked with pain!
Menkaure hits you but does no damage.
You hit Menkaure.
Menkaure is heavily damaged.
Menkaure completely misses you.
You hear a distant slurping noise.
Menkaure hits you!!
* * * LOW HITPOINT WARNING * * *
You hit Menkaure.
Menkaure is severely damaged.
Menkaure hits you!
* * * LOW HITPOINT WARNING * * *
Menkaure hits you!
You die...

....# #...#
#...# #...# . #
#...# .. #.
#...#
###.#.######...#
.......M...#..)#
#.?)@.....#.#
#...####..#.#
.......#.....#.#
.......#.##.##.#
......## #..##.#
...... #8.##.#
.....# #..##.#
##### #..##.#
#∩.##.#


You could see Menkaure.

Vanquished Creatures
  An ice beast (D:5)
  An orc warrior (D:4)
  3 sky beasts
  4 ogres
  5 centaurs
  2 bullfrogs (D:6)
  2 scorpions
  A howler monkey (D:5)
  3 crimson imps (D:6)
  2 centaur zombies (D:5)
  5 hounds
  A jelly (D:5)
  A bullfrog skeleton (D:4)
  2 orc wizards
  Jessica (D:2)
  Ijyb (D:3)
  An iguana (D:4)
  7 worker ants
  A hound skeleton (D:5)
  A worker ant zombie (D:5)
  12 adders
  A shadow imp (D:5)
  An ooze (D:3)
  2 adder skeletons (D:5)
  2 worms
  3 dart slugs (D:3)
  2 leopard geckos
  5 orcs
  A ball python (D:3)
  3 giant cockroaches
  7 goblins
  3 hobgoblins (D:1)
  3 jackals (D:2)
  4 quokkas
  5 bats
  2 frilled lizards
  5 kobolds
  A quokka skeleton (D:6)
  5 rats
112 creatures vanquished.

Vanquished Creatures (others)
  A sky beast (D:6)
  An orc wizard (D:5)
2 creatures vanquished.

Grand Total: 114 creatures vanquished

Notes
Turn   | Place    | Note
-------+----------+-------------------------------------------
     0 | D:1      | KlausPeter the Human Wanderer began the quest for the Orb.
     0 | D:1      | KlausPeter set off with the following items: a +0 spear, a
                  | +2 scale mail, 8 poisoned darts, a +0 dagger, a ration
     0 | D:1      | Reached XP level 1. HP: 19/19 MP: 1/1
   146 | D:1      | Reached XP level 2. HP: 26/26 MP: 2/2
  1051 | D:2      | Reached XP level 3. HP: 9/31 MP: 3/3
  1713 | D:2      | Noticed Jessica
  1722 | D:2      | Killed Jessica
  1722 | D:2      | Reached XP level 4. HP: 23/38 MP: 4/4
  2189 | D:2      | Found a shadowy altar of Dithmenos.
  2319 | D:2      | Reached XP level 5. HP: 40/43 MP: 5/5
  2365 | D:2      | Found a glowing golden altar of the Shining One.
  2725 | D:3      | Reached skill level 5 in Fighting
  2851 | D:3      | HP: 2/44 [poisoned by an orc wizard]
  2889 | D:3      | HP: 2/44 [poisoned by an orc wizard]
  3546 | D:3      | Found a shimmering altar of Xom.
  3649 | D:3      | Noticed Ijyb
  3713 | D:3      | Killed Ijyb
  3713 | D:3      | Reached XP level 6. HP: 47/51 MP: 6/6
  4970 | D:4      | Noticed an orc warrior
  4985 | D:4      | Killed an orc warrior
  5388 | D:4      | Reached XP level 7. HP: 40/56 MP: 4/7
  6315 | D:4      | Found a sacrificial altar of Ru.
  6355 | D:4      | Became a worshipper of Ru the Awakened
  7221 | D:4      | Found Licaol's Magic Scroll Boutique.
  7227 | D:4      | Bought a scroll of identify for 26 gold pieces
  7227 | D:4      | Bought a scroll of identify for 26 gold pieces
  7227 | D:4      | Bought 2 scrolls of identify for 52 gold pieces
  7516 | D:5      | Entered Level 5 of the Dungeon
  7595 | D:5      | Reached skill level 6 in Fighting
  7595 | D:5      | Reached XP level 8. HP: 52/64 MP: 5/8
  7630 | D:5      | Reached skill level 1 in Long Blades
  7923 | D:5      | Found a basalt altar of Yredelemnul.
  8176 | D:5      | HP: 2/65 [ogre/+0 giant club (25)]
  8695 | D:5      | Found a shimmering blue altar of Sif Muna.
  8746 | D:6      | Reached skill level 5 in Armour
  8781 | D:6      | Reached XP level 9. HP: 71/71 MP: 9/9
  8789 | D:6      | Found a staircase to the Ecumenical Temple.
  8798 | Temple   | Entered the Ecumenical Temple
  8879 | D:6      | Reached skill level 5 in Dodging
  8899 | D:6      | Reached skill level 7 in Fighting
  9007 | D:6      | Learned a level 1 spell: Magic Dart
  9010 | D:6      | Learned a level 2 spell: Searing Ray
  9159 | D:6      | Reached skill level 5 in Long Blades
  9159 | D:6      | Reached skill level 1 in Conjurations
  9217 | D:6      | Upgraded the game from 0.24.0-123-gd5b16e6ec5 to
                  | 0.24.1-14-gf8d2b509d9
  9231 | D:6      | Reached skill level 1 in Spellcasting
  9311 | D:6      | Found an iron altar of Okawaru.
  9542 | D:6      | Found a sparkling altar of Nemelex Xobeh.
  9553 | D:6      | Found a white marble altar of Elyvilon.
  9656 | D:7      | Found Mixt's Antique Armour Shoppe.
  9695 | D:7      | Noticed Menkaure
  9713 | D:7      | Mangled by Menkaure

Levels and vault maps discovered:
D:1:      dpeg_arrival_orchard, layout_basic, grunt_decor_cap, minivault_19
D:2:      layout_loops_ring, nicolae_overflow_crystal_walls,
          nicolae_dithmenos_shadow_blocks, uniq_jessica
D:3:      minmay_wonky_spiral, layout_basic, marbit_many_paths, uniq_ijyb
D:4:      layout_basic, nicolae_ru_great_annihilating_truth, first_ration,
          serial_shops, nicolae_shop_behind_doors
D:5:      layout_basic, kennysheep_little_box, tgw_sif
D:6:      layout_basic, nicolae_overflow_hidden_temple, okawaru_metal_pillars_3,
          minmay_temple_entry_waves
D:7:      layout_basic, serial_shops, shop_statue, uniq_menkaure
Temple:   zaba_magenta_temple

Skill      XL: |  1  2  3  4  5  6  7  8  9 |
---------------+----------------------------+-----
Armour         | 2 3 4 5 |  5.7
Polearms       | 2 3 |  3.9
Fighting       | 5 6 7 |  7.2
Dodging        | 2 3 4 5 |  5.4
Long Blades    | 3 5 |  5.4
Conjurations   | 1 |  1.6
Spellcasting   | 1 |  1.5
Throwing       | |  1.1
Stealth        | |  1.0
Shields        | |  1.0

Action                   |  1- 3 |  4- 6 |  7- 9 || total
-------------------------+-------+-------+-------++-------
Melee: Spear             |    74 |   263 |   145 ||   482
       Great sword       |       |       |   159 ||   159
Throw: Dart              |     2 |     2 |    15 ||    19
 Cast: Magic Dart        |       |       |     1 ||     1
Evoke: Wand              |       |     3 |       ||     3
  Use: Scroll            |     3 |     7 |     3 ||    13
       Potion            |     2 |     3 |       ||     5
 Stab: Paralysed         |       |       |     1 ||     1
  Eat: Ration            |     1 |     3 |     4 ||     8
       Chunk             |       |     1 |       ||     1
Armor: Scale mail        |    57 |   111 |   147 ||   315
Dodge: Dodged            |    56 |    98 |   183 ||   337
       Rpst.: Great sword |       |       |    34 ||    34
